Workbook
Name _tds1: #REF!
Name _tds1: #REF!
Name _tds2: #REF!
Name _tds2: #REF!
Name AIR.Code001: #REF!
Name AIR.Code001: #REF!
Name AIR.Code002: #REF!
Name AIR.Code002: #REF!
Name AIR.Code003: #REF!
Name AIR.Code003: #REF!
Name AIR.Code004: #REF!
Name AIR.Code004: #REF!
Name AIR.Code005: #REF!
Name AIR.Code005: #REF!
Name AIR.Code006: #REF!
Name AIR.Code006: #REF!
Name AIR.Code007: #REF!
Name AIR.Code007: #REF!
Name AIR.Code008: #REF!
Name AIR.Code008: #REF!
Name AIR.TaxExmpIntInc: #REF!
Name AIR.TaxExmpIntInc: #REF!
Name Bank1: #REF!
Name Bank1: #REF!
Name Bank10: #REF!
Name Bank10: #REF!
Name Bank11: #REF!
Name Bank11: #REF!
Name Bank12: #REF!
Name Bank12: #REF!
Name Bank2: #REF!
Name Bank2: #REF!
Name Bank3: #REF!
Name Bank3: #REF!
Name Bank4: #REF!
Name Bank4: #REF!
Name Bank5: #REF!
Name Bank5: #REF!
Name Bank6: #REF!
Name Bank6: #REF!
Name Bank6PCAR: #REF!
Name Bank6PCAR: #REF!
Name Bank7: #REF!
Name Bank7: #REF!
Name Bank8: #REF!
Name Bank8: #REF!
Name Bank9: #REF!
Name Bank9: #REF!
Name BankAccNo: #REF!
Name BankAccNo: #REF!
Name BankArrear: #REF!
Name BankArrear: #REF!
Name BankArrear0: #REF!
Name BankArrear0: #REF!
Name BankArrear1: #REF!
Name BankArrear1: #REF!
Name BankArrear2: #REF!
Name BankArrear2: #REF!
Name BankArrear3: #REF!
Name BankArrear3: #REF!

Sheet Salary Sheet
C1: dk;kZy; fodkl[k.M vf/kdkjh eLrwjh ftyk fcyklx< NRrhlx<
C2: vk;dj x.kuk izi= o"kZ 2025&2026 ¼dj fu/kkZj.k o"kZ 2026&2027½
C3: deZpkjh dk dksM | E3: 1.10003e+15 | J3: ladqy | P3: D;k vki ,uih,l deZpkjh gSa | V3: Yes | Y3: Yes
C4: deZpkjh dk uke | E4: ijekuUn es?koky | J4: iSu dkMZ uEcj | M4: XXXXXX | P4: RAJTEACHERS.NET.IN | Y4: No
C5: deZpkjh dk in | E5: v/;kid | J5: izk.k uEcj | M5: 111200445516
C6: fo|ky; dk uke | E6: jktdh; --------------- | J6: cSad dk uke | M6: SBI RAIPUR
C7: orZeku osru foHkkx | J7: [kkrk uEcj | M7: 2.3470007e+15
C8: vk/kkj uEcj | E8: 632578694519 | J8: IFSC dksM | M8: SBIN0056564
C9: ekg | D9: osru tks fn;k x;k | M9: dVkSfr;ka tks dh xbZ | W9: 'kq} ns; osru
D10: ewy osru | E10: egaxkbZ HkRrk | F10: edku HkRrk | G10: fpfdRlk HkRrk | H10: xfrjks/k HkRrk | I10: fodykax HkRrk | J10: vU; HkRrk | K10: ,fj;lZ is | L10: ldy osru | M10: =IF(V3="No","th-ih-,Q",",u-ih-,l-") -> ,u-ih-,l- | N10: =IF(W3="No","th-ih-,fj;lZ,Q",",u-ih-,l-,fj;lZ") -> ,u-ih-,l-,fj;lZ | O10: vfxze | P10: thvkbZ,l | Q10: vk;dj | R10: olwyh | S10: thou chek | T10: vU; dVkSrh | U10: vU; dVkSrh | V10: dqy dVkSrh
B11: 3 | C11: 45717 | D11: 43100 | E11: =ROUND(46%*D11,0) -> 19826 | F11: 754 | G11: 200 | H11: 600 | L11: =SUM(D11:K11) -> 64480 | M11: =IF($V$3="Yes",ROUND((D11+H11)*0.1,0),IF($V$3="No",D11*6%)) -> 4370 | P11: 300 | Q11: =1000 -> 1000 | S11: 1540 | V11: =SUM(M11:U11) -> 7210 | W11: =L11-V11 -> 57270
B12: 4 | C12: 45748 | D12: =D11 -> 43100 | E12: =ROUND(46%*D12,0) -> 19826 | F12: =F11 -> 754 | G12: =G11 -> 200 | H12: =H11 -> 600 | L12: =SUM(D12:K12) -> 64480 | M12: =IF($V$3="Yes",ROUND((D12+H12)*0.1,0),IF($V$3="No",D12*6%)) -> 4370 | P12: =P11 -> 300 | Q12: =Q11 -> 1000 | S12: =S11 -> 1540 | T12: 980 | V12: =SUM(M12:U12) -> 8190 | W12: =L12-V12 -> 56290
B13: 5 | C13: 45778 | D13: =D12 -> 43100 | E13: =ROUND(46%*D13,0) -> 19826 | F13: =F12 -> 754 | G13: =G12 -> 200 | H13: =H12 -> 600 | L13: =SUM(D13:K13) -> 64480 | M13: =IF($V$3="Yes",ROUND((D13+H13)*0.1,0),IF($V$3="No",D13*6%)) -> 4370 | P13: =P12 -> 300 | Q13: =Q12 -> 1000 | S13: =S12 -> 1540 | V13: =SUM(M13:U13) -> 7210 | W13: =L13-V13 -> 57270
B14: 6 | C14: 45809 | D14: =D13 -> 43100 | E14: =ROUND(46%*D14,0) -> 19826 | F14: =F13 -> 754 | G14: =G13 -> 200 | H14: =H13 -> 600 | L14: =SUM(D14:K14) -> 64480 | M14: =IF($V$3="Yes",ROUND((D14+H14)*0.1,0),IF($V$3="No",D14*6%)) -> 4370 | P14: =P13 -> 300 | Q14: =Q13 -> 1000 | S14: =S13 -> 1540 | V14: =SUM(M14:U14) -> 7210 | W14: =L14-V14 -> 57270
B15: 7 | C15: 45839 | D15: =MROUND(ROUND(1.03*D14,0),100) -> 44400 | E15: =ROUND(46%*D15,0) -> 20424 | F15: =F14 -> 754 | G15: =G14 -> 200 | H15: =H14 -> 600 | L15: =SUM(D15:K15) -> 66378 | M15: =IF($V$3="Yes",ROUND((D15+H15)*0.1,0),IF($V$3="No",D15*6%)) -> 4500 | P15: =P14 -> 300 | Q15: =Q14 -> 1000 | S15: =S14 -> 1540 | V15: =SUM(M15:U15) -> 7340 | W15: =L15-V15 -> 59038
B16: 8 | C16: 45870 | D16: =D15 -> 44400 | E16: =ROUND(46%*D16,0) -> 20424 | F16: =F15 -> 754 | G16: =G15 -> 200 | H16: =H15 -> 600 | L16: =SUM(D16:K16) -> 66378 | M16: =IF($V$3="Yes",ROUND((D16+H16)*0.1,0),IF($V$3="No",D16*6%)) -> 4500 | P16: =P15 -> 300 | Q16: =Q15 -> 1000 | S16: =S15 -> 1540 | V16: =SUM(M16:U16) -> 7340 | W16: =L16-V16 -> 59038
B17: 9 | C17: 45901 | D17: =D16 -> 44400 | E17: =ROUND(46%*D17,0) -> 20424 | F17: =F16 -> 754 | G17: =G16 -> 200 | H17: =H16 -> 600 | L17: =SUM(D17:K17) -> 66378 | M17: =IF($V$3="Yes",ROUND((D17+H17)*0.1,0),IF($V$3="No",D17*6%)) -> 4500 | P17: =P16 -> 300 | Q17: =Q16 -> 1000 | S17: =S16 -> 1540 | V17: =SUM(M17:U17) -> 7340 | W17: =L17-V17 -> 59038
B18: 10 | C18: 45931 | D18: =D17 -> 44400 | E18: =ROUND(50%*D18,0) -> 22200 | F18: =F17 -> 754 | G18: =G17 -> 200 | H18: =H17 -> 600 | L18: =SUM(D18:K18) -> 68154 | M18: =IF($V$3="Yes",ROUND((D18+H18)*0.1,0),IF($V$3="No",D18*6%)) -> 4500 | P18: =P17 -> 300 | Q18: =Q17 -> 1000 | S18: =S17 -> 1540 | V18: =SUM(M18:U18) -> 7340 | W18: =L18-V18 -> 60814
B19: 11 | C19: 45962 | D19: =D18 -> 44400 | E19: =ROUND(50%*D19,0) -> 22200 | F19: =F18 -> 754 | G19: =G18 -> 200 | H19: =H18 -> 600 | L19: =SUM(D19:K19) -> 68154 | M19: =IF($V$3="Yes",ROUND((D19+H19)*0.1,0),IF($V$3="No",D19*6%)) -> 4500 | P19: =P18 -> 300 | Q19: =Q18 -> 1000 | S19: =S18 -> 1540 | V19: =SUM(M19:U19) -> 7340 | W19: =L19-V19 -> 60814
B20: 12 | C20: 45992 | D20: =D19 -> 44400 | E20: =ROUND(50%*D20,0) -> 22200 | F20: =F19 -> 754 | G20: =G19 -> 200 | H20: =H19 -> 600 | L20: =SUM(D20:K20) -> 68154 | M20: =IF($V$3="Yes",ROUND((D20+H20)*0.1,0),IF($V$3="No",D20*6%)) -> 4500 | P20: =P19 -> 300 | Q20: =Q19 -> 1000 | S20: =S19 -> 1540 | V20: =SUM(M20:U20) -> 7340 | W20: =L20-V20 -> 60814
B21: 1 | C21: 46023 | D21: =D20 -> 44400 | E21: =ROUND(50%*D21,0) -> 22200 | F21: =F20 -> 754 | G21: =G20 -> 200 | H21: =H20 -> 600 | L21: =SUM(D21:K21) -> 68154 | M21: =IF($V$3="Yes",ROUND((D21+H21)*0.1,0),IF($V$3="No",D21*6%)) -> 4500 | P21: =P20 -> 300 | Q21: =Q20 -> 1000 | S21: =S20 -> 1540 | V21: =SUM(M21:U21) -> 7340 | W21: =L21-V21 -> 60814
B22: 2 | C22: 46054 | D22: =D21 -> 44400 | E22: =ROUND(50%*D22,0) -> 22200 | F22: =F21 -> 754 | G22: =G21 -> 200 | H22: =H21 -> 600 | L22: =SUM(D22:K22) -> 68154 | M22: =IF($V$3="Yes",ROUND((D22+H22)*0.1,0),IF($V$3="No",D22*6%)) -> 4500 | P22: =P21 -> 300 | Q22: =Q21 -> 1000 | S22: =S21 -> 1540 | V22: =SUM(M22:U22) -> 7340 | W22: =L22-V22 -> 60814
C23: DA Arrear | L23: =SUM(D23:K23) -> 0 | V23: =SUM(M23:U23) -> 0 | W23: =L23-V23 -> 0
C24: DA Arrear | L24: =SUM(D24:K24) -> 0 | V24: =SUM(M24:U24) -> 0 | W24: =L24-V24 -> 0
C25: Bonus | L25: =SUM(D25:K25) -> 0 | V25: =SUM(M25:U25) -> 0 | W25: =L25-V25 -> 0
C26: Fixation Arrear | L26: =SUM(D26:K26) -> 0 | V26: =SUM(M26:U26) -> 0 | W26: =L26-V26 -> 0
C27: Salary Arrear 1 | L27: =SUM(D27:K27) -> 0 | N27: =SUM(D27:M27) -> 0 | V27: =SUM(M27:U27) -> 0 | W27: =L27-V27 -> 0
C28: Salary Arrear 2 | L28: =SUM(D28:K28) -> 0 | N28: =SUM(D28:M28) -> 0 | V28: =SUM(M28:U28) -> 0 | W28: =L28-V28 -> 0
C29: Other | L29: =SUM(D29:K29) -> 0 | N29: =SUM(D29:M29) -> 0 | V29: =SUM(M29:U29) -> 0 | W29: =L29-V29 -> 0
C30: TOTAL | D30: =SUM(D11:D29) -> 527600 | E30: =SUM(E11:E29) -> 251576 | F30: =SUM(F11:F29) -> 9048 | G30: =SUM(G11:G29) -> 2400 | H30: =SUM(H11:H29) -> 7200 | L30: =SUM(L11:L29) -> 797824 | M30: =SUM(M11:M29) -> 53480 | N30: =SUM(N11:N29) -> 0 | P30: =SUM(P11:P29) -> 3600 | Q30: =SUM(Q11:Q29) -> 12000 | S30: =SUM(S11:S29) -> 18480 | T30: =SUM(T11:T29) -> 980 | V30: =SUM(V11:V29) -> 88540 | W30: =SUM(W11:W29) -> 709284
E35: Signature of Employee | U35: DDO SIGN

Sheet Other Deduction
A1: osru ds vfrfjDr dVkSfr;k¡] vk;@tek jkf'k ,oa NwV dk fooj.k
A2: ='Salary Sheet'!E4 -> ijekuUn es?koky | B2: ='Salary Sheet'!E5 -> v/;kid | D2: ='Salary Sheet'!M4 -> XXXXXX
A3: 1- edku fdjk;k HkRrk ¼ NwV tks ysuh gS½ | B3: 9048 | D3: 17- cpr [kkrs dh tek jkf'k ij izkIr C;kt (80 TTA/80 TTB) gsrq | E3: 0 | F3: BASIC+D.A. | DR3: UPS Kuhada Khurd
A4: 2- euksjatu Hkrk /kkjk 16 ¼ii½ ds vUrxZr | B4: 0 | D4: 18- vU; vk; ¼,Q Mh ij C;kt] vU; C;kt ;k vU; L=ks+= ls vk; vkfn dk ;ksx½ | E4: 0 | F4: ='Salary Sheet'!D30+'Salary Sheet'!E30 -> 779176
A5: 3- O;o;k; dj /kkjk 16 ¼iii½ ds vUrxrZ | B5: 0 | D5: 19- vU; tek jkf'k ¼/kkjk 80 lh ds vUrxZr½ | E5: 0 | F5: Taxable Amt
A6: 4- x`g lEifr ls izkIr fdjk;k & vk; | B6: 0 | D6: 20- /kkjk 80CCC - isa'ku Iyku gsrq va'knku ¼,u-ih-,l- ds avykok½ | E6: 0 | F6: ='Tax Old Regime'!Q47 -> 663220
A7: 5- x`gdj | B7: 0 | D7: 21- /kkjk 80CCD(1B) -uohu isa'ku ;kstuk esa vfrfjDr va'knku ¼vf/kdre :- 50]000½ | E7: 0 | F7: Tax Deposited
A8: 6- x`g _.k fdLr ewy ¼tks osru ls ugha dkVk x;k½ | B8: 0 | D8: 22- /kkjk 80D - fpfdRlk chek izhfe;e ¼lkekU; 25000] ofj"B ukxfjd 50000½ | E8: 0 | F8: ='Salary Sheet'!Q30 -> 12000
A9: 7- x`g _.k fdLr C;kt ¼tks osru ls ugha dkVk x;k½ | B9: 0 | D9: 23- /kkjk 80DD - fodykax vkfJrksa ds fpfdRlk mipkj¼vf/kdre 75000] 80% fodykaxrk 125000½ | E9: 0 | F9: Rebate Under Section 80C, 80CCC, 80CCD(1)
A10: 8- thou chek izhfe;e ¼tks osru ls ugh dkVk x;k½ LIC | B10: 0 | D10: 24- /kkjk 80DDB - fof'k"V jksxksa ds mipkj gsrq dVkSrh ¼lkekU; 40000] ofj"B ukxfjd 1 yk[k½ | E10: 0 | DR10: UPS Banediya Charnan
A11: 9- ih-,y-vkbZ- (PLI) | B11: 0 | D11: 25- /kkjk 80E - mPp f'k{kk gsrq fy, _.k dk C;kt ¼/kkjk 80E½ | E11: 0 | DR11: UPS Laxmipura Dhakaran
A12: 10- V;w'ku Qhl (Tution Fees) | B12: 0 | D12: 26- /kkjk 80G - /kekZFkZ laLFkkvksa vkfn dks fn;s nku ¼d Js.kh 100% ,oa [k Js.kh 50%½ | E12: 0 | F12: ='Tax Old Regime'!Q30 -> 75560 | DR12: UPS Pathraj Kala
A13: 11- ;w- ,y- vkbZ- ih-@okf"kZd Iyku | B13: 0 | D13: 27- /kkjk 80U - LFkkbZ 'kkjhfjd fodykaxrk ¼vf/kdre 75000] 80% fodykaxrk 125000½ | E13: 0
A14: 12- jk"Vªh; cpr i= (NSC) | B14: 0 | D14: 28- /kkjk 80 GGA - vuqeksfnr oSKkfud]lkekftd]xzkeh.k fodkl vkfn gsrq fn;k x;k nku | E14: 0 | F14: edku fdjk;k NwV ds fy, jlhn dh vko';drk | DR14: PS Aarampura
A15: 13- jk"Vªh; cpr i= ij vnr C;kt | B15: 0 | D15: 29- bfDoVh fyad lsfoax Ldhe | E15: 0 | DR15: UPS Laxmipura Dhakaran
A16: 14- yksd Hkfo"; fuf/k (PPF) | B16: 0 | D16: 30- LFkfxr okf"kZdh | E16: 0 | DR16: UPS Raghunathpura
A17: 15- jk"Vªh; cpr Ldhe | B17: 0 | D17: 31- jkgr /kkjk 89 ds rgr | E17: 0 | F17: =IF(B3>=1,(F4*10%+B3),0) -> 86965.6 | DR17: UPS Manda
A18: 16- lqdU;k le`f) ;kstuk (SSY) | B18: 0 | D18: 32- osru fcy ds vykok tek djk;k x;k aavk;dj (TDS) | E18: 0 | DR18: UPS Sandla
A19: ='Tax Old Regime'!B63 -> Income Tax Payable | D19: ='Tax Old Regime'!Q63 -> 34950 | E19: HRA | F19: ='Salary Sheet'!F30 -> 9048 | DR19: UPS Ramsinghpura
A20: ="Total Rebate of (US 80C, 80CCC,80CCD(1)) = "&'Tax Old Regime'!Q30 -> Total Rebate of (US 80C, 80CCC,80CCD(1)) = 75560 | D20: ="Investable Amount = "&(150000-'Tax Old Regime'!Q30) -> Investable Amount = 74440 | DR20: GSS Ganeshganj
A21: WWW.RAJTEACHERS.NET

Sheet Tax Old Regime
B1: ='Salary Sheet'!C1 -> dk;kZy; fodkl[k.M vf/kdkjh eLrwjh ftyk fcyklx< NRrhlx<
B2: vk;dj x.kuk izi= o"kZ 2025&2026 ¼dj fu/kkZj.k o"kZ 2026&2027½
B3: 1 | C3: uke deZpkjh % | E3: ='Salary Sheet'!E4 -> ijekuUn es?koky | K3: in % | L3: ='Salary Sheet'!E5 -> v/;kid | O3: PAN : | P3: ='Salary Sheet'!M4 -> XXXXXX
B4: 2 | C4: vk; % o"kZ&2025&26 esa izkIr dqy osru ¼ dj ;ksX; lqfo/kkvksa ds eqY; lfgr ½ | P4: #- | Q4: =IF('Salary Sheet'!V3="No",'Salary Sheet'!L30,('Salary Sheet'!L30+'Salary Sheet'!M30)) -> 851304
B5: 3 | C5: x`g fdjk;k] /kkjk 10¼13&A½ ds vUrxrZ ,oa /kkjk 10¼14½ds vUrxrZ vU; Hkrs tks dj eqDÙk gSA | P5: #- | Q5: ='Other Deduction'!B3 -> 9048
B6: 4 | C6: 'ks"k ¼2&3½ | P6: #- | Q6: =Q4-Q5 -> 842256
B7: 5 | C7: ¼i½ euksjatu Hkrk /kkjk 16 ¼ii½ ds vUrxrZ ¼ vf/kdre lhek : 5000 ½ | M7: ='Other Deduction'!B4 -> 0
C8: ¼ii½ O;o;k; dj /kkjk 16 ¼iii½ ds vUrxrZ | M8: ='Other Deduction'!B5 -> 0
C9: ¼iiI½ LVs.MMZ fMMsD'ku (Standard Deduction) 50]000 ¼vf/kdre½ | M9: =IF(Q6<50000,Q6,50000) -> 50000 | P9: #- | Q9: =SUM(M7:O9) -> 50000
B10: 6 | C10: 'ks"k ¼4&5½ | P10: #- | Q10: =Q6-Q9-M7-M8 -> 792256
B11: 7 | C11: ¼v½x`g lEifr ls vk;%¼1½ Loa; ds mi;ksx esa &'kwU; | K11: ¼2½ izkIr fdjk;k #- | M11: ='Other Deduction'!B6 -> 0
C12: ¼c½ ?kVk;sa | E12: fdjk;s dk 30% | H12: x`g _.k ij C;kt | K12: x`gdj | M12: ;ksx 7¼c½
E13: =ROUND(M11*0.3,0) -> 0 | H13: ='Other Deduction'!B9 -> 0 | K13: ='Other Deduction'!B7 -> 0 | M13: =E13+H13+K13 -> 0
C14: 'ks"k &@$¼7¼v½ ,oa ;ksx 7¼c½ dk½ | P14: #- | Q14: =M11-M13 -> 0
B15: 8 | C15: dqy 'ks"k &@$¼6,oa 7½ | P15: #- | Q15: =Q10+Q14 -> 792256
B16: 9 | C16: vU; vk; | P16: #- | Q16: ='Other Deduction'!E3+'Other Deduction'!E4 -> 0
B17: 10 | C17: ldy vk; ;ksx ¼8$9½ | P17: #- | Q17: =Q15+Q16 -> 792256
B18: 11 | C18: ?kVkb;s dVkSSfr;k¡ %& /kkjk US 80C, 80CCC,80CCD (1)
C19: (A) vf/kdre lhek 1]50]000@& ¼/kkjk 80CCE ½ ds vykok
C20: (i) | D20: jkT; chek ¼SI) | H20: #- | J20: (x) | K20: ljdkjh isa'ku ;kstuk esa va'knku ECPF | N20: #- | O20: =IF('Salary Sheet'!V3="Yes",'Salary Sheet'!M30,0) -> 53480
C21: (ii) | D21: thou chek izhfe;e ¼LIC) | H21: #- | I21: ='Salary Sheet'!S30+'Other Deduction'!B10 -> 18480 | J21: (xi) | K21: isa'ku Iyku gsrq va'knku¼/kkjk 80ccc½ | N21: #- | O21: ='Other Deduction'!E6 -> 0
C22: (iii) | D22: jk"Vªh; cpr i= ¼NSC) | H22: #- | I22: ='Other Deduction'!B14 -> 0 | J22: (xii) | K22: jk"Vªh; cpr i= ij vnr C;kt | N22: #- | O22: ='Other Deduction'!B15 -> 0
C23: (iv) | D23: yksd Hkfo"; fuf/k ¼PPF) | H23: #- | I23: ='Other Deduction'!B16 -> 0 | J23: (xiii) | K23: V;w'ku Qhl | N23: #- | O23: ='Other Deduction'!B12 -> 0
C24: (v) | D24: jk"Vªh; cpr Ldhe ¼NSS) | H24: #- | I24: ='Other Deduction'!B17 -> 0 | J24: (xv) | K24: bfDoVh fyad lsfoax Ldhe | N24: #- | O24: ='Other Deduction'!E15 -> 0
C25: (vi) | D25: lkekU; izko/kk;h fuf/k ¼GPF) | H25: #- | I25: =IF('Salary Sheet'!V3="No",'Salary Sheet'!M30,0) -> 0 | J25: (xiv) | K25: LFkfxr okf"kZdh ¼Defferred Annuty) | N25: #- | O25: ='Other Deduction'!E16 -> 0
C26: (vii) | D26: lkewfgd chek izhfe;e ¼G.Ins.) | H26: #- | I26: ='Salary Sheet'!P30 -> 3600 | J26: (xvi) | K26: ih-,y-vkbZ- ¼PLI) | N26: #- | O26: ='Other Deduction'!B11 -> 0
C27: (viii) | D27: ;w- ,y- vkbZ- ih-@okf"kZd Iyku | H27: #- | I27: ='Other Deduction'!B13 -> 0 | J27: (xvii) | K27: vU; tekjkf'k ¼/kkjk 80 lh ds vUrxZr½ | N27: #- | O27: ='Other Deduction'!E5 -> 0
C28: (ix) | D28: x`g _.k fdLr ¼HBA Premium) | H28: #- | I28: ='Other Deduction'!B8 -> 0 | J28: (xviii) | K28: lqdU;k le`f) ;kstuk esa tek jkf'k | N28: #- | O28: ='Other Deduction'!B18 -> 0
C29: ;ksx ( i ls xviii ) | N29: #- | O29: =SUM(I20:I28)+SUM(O20:O28) -> 75560
C30: vf/kdre dVkSrh dh jkf'k 1-50 yk[k #i, rd | P30: #- | Q30: =IF(O29<150001,ROUND(O29,0),150000) -> 75560
C31: ;ksx 11(A+B+C) | P31: #- | Q31: =SUM(Q30:Q30) -> 75560
C32: (B) ?kVkb;s& /kkjk 80CCD(2) fu;ksDrk }kjk isa'ku va'knku dh jkf'k ¼vf/kdre osru dk 10%) i`Fkd ls NwV | Q32: =IF('Salary Sheet'!V3="Yes",'Salary Sheet'!M30,0) -> 53480
C33: (C) ?kVkb;s & /kkjk 80CCD (1B) uohu isa'ku ;kstuk esa vfrfjDr va'knku ¼vf/kdre :- 50]000) | Q33: ='Other Deduction'!E7 -> 0
C34: ;ksx 11(A+B+C) | Q34: =Q31+Q32+Q33 -> 129040
B35: 12 | C35: vU; dVkSfr;k¡
C36: 1-/kkjk 80 D ,fpfdRlk chek izhfe;e ¼Lo;a]ifr@iRuh o cPpksa ds fy, : 25000] ekrk&firk ds fy, : 25000]lhfu;j flVhtu : 50000½ | P36: #- | Q36: ='Other Deduction'!E8 -> 0
C37: 2- /kkjk 80DD fodykax vkfJrksa ds fpfdRlk mipkj ¼vf/kdre 75]000 rFkk 80% ;k vf/kd fodykaxrk 125]000½ | P37: #- | Q37: ='Other Deduction'!E9 -> 0
C38: 3- /kkjk 80DDB fof'k"V jksaxksa ds mipkj gsrq dVkSrh ¼vf/kdre : 40]000] lhfu;j flVhtu gsrq : 100]000½ | P38: #- | Q38: ='Other Deduction'!E10 -> 0
C39: 4- /kkjk 80E mPp f'k{kk gsrq fy, _.k dk C;kt | P39: #- | Q39: ='Other Deduction'!E11 -> 0
C40: 5- /kkjk 80G /kekZFkZ laLFkkvksa vkfn dks fn;s nku ¼ d Js.kh esa 100 izfr'kr ,oa [k Js.kh esa 50 izfr'kr½ | P40: #- | Q40: ='Other Deduction'!E12 -> 0
C41: 6- /kkjk 80U LFkkbZ :i ls 'kkjhfjd vleFkZrrk dh n'kk esa ¼vf/kdre 75]000 rFkk vf/kfu;e 1995ds vuqlkj 125]000½ | P41: #- | Q41: ='Other Deduction'!E13 -> 0
C42: 7- /kkjk 80 TTA cpr [kkrs ij vf/kdre C;kt :- 10]000 194(IA) (80 TTB - aofj"B ukxfjd vf/kdre C;kt 50000:-½ | P42: #- | Q42: ='Other Deduction'!E3 -> 0
C43: 8- /kkjk 80 GGA vuqeksfnr oSKkfud] lkekftd] xzkeh.k fodkl vkfn gsrq fn;k x;k nku | P43: #- | Q43: ='Other Deduction'!E14 -> 0
C44: dqy ;ksx 12 ¼ 1 ls 6 rd ½ | P44: #- | Q44: =SUM(Q36:Q43) -> 0
B45: 13 | C45: dqy dVkSrh ( 11 + 12) | P45: #- | Q45: =Q34+Q44 -> 129040
B46: 14 | C46: dj ;ksX; vk; ( 10 - 13 ) | P46: #- | Q46: =(Q17-Q45) -> 663216
B47: 15 | C47: dqy vk; dh jkf'k dks lEiw.kZ djuk ¼ nl ds xq.kd esa ½ /kkjk 288A | P47: #- | Q47: =ROUND(Q46,-1) -> 663220
B48: 16 | C48: vk;dj dh x.kuk mijksDr dkWye 15 ds vk/kkj ij
C49: ,d O;fDr dj nkrk | H49: ofj"B ukxfjd ¼60 ls 80 o"kZ rd½ | L49: 80 o"kZ ;k vf/kd vk;q
C50: 2,50,000 rd | F50: Nil | H50: 3,00,000 rd | K50: Nil | L50: 3,00,000 rd | O50: Nil | P50: #- | Q50: 0
C51: 2,50,001-5,00,000 | F51: 0.05 | H51: 3,00,001-5,00,000 | K51: 0.05 | L51: 5,00,000 rd | O51: Nil | P51: #- | Q51: =ROUND(IF(Q47<250001,0,IF(Q47>500000,12500,((Q47-250000)*0.05))),IF(Q47<300001,0,IF(Q47>500000,10000,((Q47-300000)*0.05)))) -> 12500
C52: 5,00,001-10,00,000 | F52: 0.2 | H52: 5,00,001-10,00,000 | K52: 0.2 | L52: 5,00,001-10,00,000 | O52: 0.2 | P52: #- | Q52: =IF(Q47<500001,0,IF(Q47>1000000,100000,((Q47-500000)*0.2))) -> 32644
C53: 10,00,000 ls vf/kd | F53: 0.3 | H53: 10,00,000 ls vf/kd | K53: 0.3 | L53: 10,00,000 ls vf/kd | O53: 0.3 | P53: #- | Q53: =IF(Q47<1000001,0,((Q47-1000000)*0.3)) -> 0
C54: ¼1½ ;ksx vk;dj | P54: #- | Q54: =SUM(Q50:Q53) -> 45144
C55: ¼2½ NwV ?kkjk 87¼A½ ¼2-50 yk[k ls 5-00 yk[k rd dh dj ;ksX; vk; ij vk;dj dh NwV vf/kdre :- 12500 rd½ | P55: #- | Q55: =IF(Q47>500000,0,IF(Q54<12501,Q54,12500)) -> 0
C56: ¼3½ 'ks"k vk;dj ¼1&2½ | P56: #- | Q56: =Q54-Q55 -> 45144
C57: ¼4½ f'k{kk midj 2% ,oa mPp f'k{kk ds fy, vf/kHkkj 2% (;ksx 4%) | P57: #- | Q57: =ROUND(Q56*0.04,0) -> 1806
C58: dqy vk;dj ¼3$4½ | P58: #- | Q58: =SUM(Q56:Q57) -> 46950
B59: 17 | C59: ?kVkb;s %& jkgr /kkjk 89 ds rgr | P59: #- | Q59: ='Other Deduction'!E17 -> 0
B60: 18 | C60: dqy 'ks"k vk;dj | P60: #- | Q60: =Q58-Q59 -> 46950
B61: 19 | C61: vk;dj dVkSrh dk fooj.k | F61: flrEcj 2025 rd :i;s | J61: fnlEcj 2025 rd :i;s | L61: tuojh 2026 rd :i;s | M61: Qjojh 2026 rd :i;s | O61: Vh-Mh-,l- :Ik;s | P61: ;ksx dkWye 19
F62: ='Salary Sheet'!Q11+'Salary Sheet'!Q12+'Salary Sheet'!Q13+'Salary Sheet'!Q14+'Salary Sheet'!Q15+'Salary Sheet'!Q16+'Salary Sheet'!Q17 -> 7000 | J62: ='Salary Sheet'!Q18+'Salary Sheet'!Q19+'Salary Sheet'!Q20 -> 3000 | L62: ='Salary Sheet'!Q21 -> 1000 | M62: ='Salary Sheet'!Q22 -> 1000 | O62: ='Salary Sheet'!Q23+'Salary Sheet'!Q24+'Salary Sheet'!Q25+'Salary Sheet'!Q26+'Salary Sheet'!Q27+'Salary Sheet'!Q28+'Salary Sheet'!Q29+'Other Deduction'!E18 -> 0 | P62: =F62+J62+L62+M62 -> 12000
B63: =IF(Q60>P62,"Income Tax Payable",IF(Q60<P62,"Income Tax Refundable","Income Tax Payble/Refundable")) -> Income Tax Payable | P63: #- | Q63: =IF(Q60>P62,Q60-P62,P62-Q60) -> 34950
E65: gLrk{kj dkfeZd

Sheet Tax New Regime
B1: ='Salary Sheet'!C1 -> dk;kZy; fodkl[k.M vf/kdkjh eLrwjh ftyk fcyklx< NRrhlx<
B2: vk;dj x.kuk izi= o"kZ 2025&2026 ¼dj fu/kkZj.k o"kZ 2026&2027½
B3: 1 | C3: uke deZpkjh % | E3: ='Salary Sheet'!E4 -> ijekuUn es?koky | K3: in % | L3: ='Salary Sheet'!E5 -> v/;kid | O3: PAN : | P3: ='Salary Sheet'!M4 -> XXXXXX
B4: 2 | C4: vk; % o"kZ&2025&26 esa izkIr dqy osru ¼ dj ;ksX; lqfo/kkvksa ds eqY; lfgr ½ | P4: #- | Q4: =IF('Salary Sheet'!V3="No",'Salary Sheet'!L30,('Salary Sheet'!L30+'Salary Sheet'!M30)) -> 851304
B5: 3 | C5: x`g fdjk;k] /kkjk 10¼13&A½ ds vUrxrZ ,oa /kkjk 10¼14½ds vUrxrZ vU; Hkrs tks dj eqDÙk gSA | P5: #- | Q5: 0
B6: 4 | C6: 'ks"k ¼2&3½ | P6: #- | Q6: =Q4-Q5 -> 851304
B7: 5 | C7: ¼i½ euksjatu Hkrk /kkjk 16 ¼ii½ ds vUrxrZ ¼ vf/kdre lhek : 5000 ½ | M7: ='Other Deduction'!B4 -> 0
C8: ¼ii½ O;o;k; dj /kkjk 16 ¼iii½ ds vUrxrZ | M8: ='Other Deduction'!B5 -> 0
C9: ¼iiI½ LVs.MMZ fMMsD'ku (Standard Deduction) 50]000 ¼vf/kdre½ | M9: =IF(Q6<75000,Q6,75000) -> 75000 | P9: #- | Q9: =M9 -> 75000
B10: 6 | C10: 'ks"k ¼4&5½ | P10: #- | Q10: =Q6-Q9-M8 -> 776304
B11: 7 | C11: ¼v½x`g lEifr ls vk;%¼1½ Loa; ds mi;ksx esa &'kwU; | K11: ¼2½ izkIr fdjk;k #- | M11: ='Other Deduction'!B6 -> 0
C12: ¼c½ ?kVk;sa | E12: fdjk;s dk 30% | H12: x`g _.k ij C;kt | K12: x`gdj | M12: ;ksx 7¼c½
E13: =ROUND(M11*0.3,0) -> 0 | H13: ='Other Deduction'!B9 -> 0 | K13: ='Other Deduction'!B7 -> 0 | M13: =E13+H13+K13 -> 0
C14: 'ks"k &@$¼7¼v½ ,oa ;ksx 7¼c½ dk½ | P14: #- | Q14: =M11-M13 -> 0
B15: 8 | C15: dqy 'ks"k &@$¼6,oa 7½ | P15: #- | Q15: =Q10+Q14 -> 776304
B16: 9 | C16: vU; vk; | P16: #- | Q16: ='Other Deduction'!E3+'Other Deduction'!E4 -> 0
B17: 10 | C17: ldy vk; ;ksx ¼8$9½ | P17: #- | Q17: =Q15+Q16 -> 776304
B18: 11 | C18: ?kVkb;s dVkSSfr;k¡ %& /kkjk US 80C, 80CCC,80CCD (1)
C19: (A) vf/kdre lhek 1]50]000@& ¼/kkjk 80CCE ½ ds vykok
C20: (i) | D20: jkT; chek ¼SI) | H20: #- | J20: (x) | K20: ljdkjh isa'ku ;kstuk esa va'knku ECPF | N20: #- | O20: =IF('Salary Sheet'!V3="Yes",'Salary Sheet'!M30,0) -> 53480
C21: (ii) | D21: thou chek izhfe;e ¼LIC) | H21: #- | I21: ='Salary Sheet'!S30+'Other Deduction'!B10 -> 18480 | J21: (xi) | K21: isa'ku Iyku gsrq va'knku¼/kkjk 80ccc½ | N21: #- | O21: ='Other Deduction'!E6 -> 0
C22: (iii) | D22: jk"Vªh; cpr i= ¼NSC) | H22: #- | I22: ='Other Deduction'!B14 -> 0 | J22: (xii) | K22: jk"Vªh; cpr i= ij vnr C;kt | N22: #- | O22: ='Other Deduction'!B15 -> 0
C23: (iv) | D23: yksd Hkfo"; fuf/k ¼PPF) | H23: #- | I23: ='Other Deduction'!B16 -> 0 | J23: (xiii) | K23: V;w'ku Qhl | N23: #- | O23: ='Other Deduction'!B12 -> 0
C24: (v) | D24: jk"Vªh; cpr Ldhe ¼NSS) | H24: #- | I24: ='Other Deduction'!B17 -> 0 | J24: (xv) | K24: bfDoVh fyad lsfoax Ldhe | N24: #- | O24: ='Other Deduction'!E15 -> 0
C25: (vi) | D25: lkekU; izko/kk;h fuf/k ¼GPF) | H25: #- | I25: =IF('Salary Sheet'!V3="No",'Salary Sheet'!M30,0) -> 0 | J25: (xiv) | K25: LFkfxr okf"kZdh ¼Defferred Annuty) | N25: #- | O25: ='Other Deduction'!E16 -> 0
C26: (vii) | D26: lkewfgd chek izhfe;e ¼G.Ins.) | H26: #- | I26: ='Salary Sheet'!P30 -> 3600 | J26: (xvi) | K26: ih-,y-vkbZ- ¼PLI) | N26: #- | O26: ='Other Deduction'!B11 -> 0
C27: (viii) | D27: ;w- ,y- vkbZ- ih-@okf"kZd Iyku | H27: #- | I27: ='Other Deduction'!B13 -> 0 | J27: (xvii) | K27: vU; tekjkf'k ¼/kkjk 80 lh ds vUrxZr½ | N27: #- | O27: ='Other Deduction'!E5 -> 0
C28: (ix) | D28: x`g _.k fdLr ¼HBA Premium) | H28: #- | I28: ='Other Deduction'!B8 -> 0 | J28: (xviii) | K28: lqdU;k le`f) ;kstuk esa tek jkf'k | N28: #- | O28: ='Other Deduction'!B18 -> 0
C29: ;ksx ( i ls xviii ) | N29: #- | O29: =SUM(I20:I28)+SUM(O20:O28) -> 75560
C30: vf/kdre dVkSrh dh jkf'k 1-50 yk[k #i, rd | P30: #- | Q30: 0
C31: ;ksx 11(A+B+C) | P31: #- | Q31: =SUM(Q30:Q30) -> 0
C32: (B) ?kVkb;s& /kkjk 80CCD(2) fu;ksDrk }kjk isa'ku va'knku dh jkf'k ¼vf/kdre osru dk 10%) i`Fkd ls NwV | Q32: =IF('Salary Sheet'!V3="Yes",'Salary Sheet'!M30,0) -> 53480
C33: (C) ?kVkb;s & /kkjk 80CCD (1B) uohu isa'ku ;kstuk esa vfrfjDr va'knku ¼vf/kdre :- 50]000) | Q33: 0
C34: ;ksx 11(A+B+C) | Q34: =Q31+Q32+Q33 -> 53480
B35: 12 | C35: vU; dVkSfr;k¡
C36: 1-/kkjk 80 D ,fpfdRlk chek izhfe;e ¼Lo;a]ifr@iRuh o cPpksa ds fy, : 25000] ekrk&firk ds fy, : 25000]lhfu;j flVhtu : 50000½ | P36: #- | Q36: 0
C37: 2- /kkjk 80DD fodykax vkfJrksa ds fpfdRlk mipkj ¼vf/kdre 75]000 rFkk 80% ;k vf/kd fodykaxrk 125]000½ | P37: #- | Q37: 0
C38: 3- /kkjk 80DDB fof'k"V jksaxksa ds mipkj gsrq dVkSrh ¼vf/kdre : 40]000] lhfu;j flVhtu gsrq : 100]000½ | P38: #- | Q38: 0
C39: 4- /kkjk 80E mPp f'k{kk gsrq fy, _.k dk C;kt | P39: #- | Q39: 0
C40: 5- /kkjk 80G /kekZFkZ laLFkkvksa vkfn dks fn;s nku ¼ d Js.kh esa 100 izfr'kr ,oa [k Js.kh esa 50 izfr'kr½ | P40: #- | Q40: 0
C41: 6- /kkjk 80U LFkkbZ :i ls 'kkjhfjd vleFkZrrk dh n'kk esa ¼vf/kdre 75]000 rFkk vf/kfu;e 1995ds vuqlkj 125]000½ | P41: #- | Q41: 0
C42: 7- /kkjk 80 TTA cpr [kkrs ij vf/kdre C;kt :- 10]000 194(IA) (80 TTB - aofj"B ukxfjd vf/kdre C;kt 50000:-½ | P42: #- | Q42: 0
C43: 8- /kkjk 80 GGA vuqeksfnr oSKkfud] lkekftd] xzkeh.k fodkl vkfn gsrq fn;k x;k nku | P43: #- | Q43: 0
C44: dqy ;ksx 12 ¼ 1 ls 6 rd ½ | P44: #- | Q44: 0
B45: 13 | C45: dqy dVkSrh ( 11 + 12) | P45: #- | Q45: =Q34+Q44 -> 53480
B46: 14 | C46: dj ;ksX; vk; ( 10 - 13 ) | P46: #- | Q46: =(Q17-Q45) -> 722824
B47: 15 | C47: dqy vk; dh jkf'k dks lEiw.kZ djuk ¼ nl ds xq.kd esa ½ /kkjk 288A | P47: #- | Q47: =ROUND(Q46,-1) -> 722820
B48: 16 | C48: vk;dj dh x.kuk mijksDr dkWye 15 ds vk/kkj ij
C49: ,d O;fDr dj nkrk | H49: ofj"B ukxfjd ¼60 ls 80 o"kZ rd½ | L49: 80 o"kZ ;k vf/kd vk;q
C50: 4,00,000 तक | F50: Nil | H50: 4,00,000 तक | K50: Nil | L50: 4,00,000 तक | O50: Nil | P50: #- | Q50: 0
C51: 4,00,001-8,00,000 | F51: 0.05 | H51: 4,00,001-8,00,000 | K51: 0.05 | L51: 8,00,000 तक | O51: 0.05 | P51: #- | Q51: =ROUND(IF(Q47<400001,0,IF(Q47>800000,20000,((Q47-400000)*5%))),0) -> 16141
C52: 8,00,001-12,00,000 | F52: 0.1 | H52: 8,00,001-12,00,000 | K52: 0.1 | L52: 8,00,001-12,00,000 | O52: 0.1 | P52: #- | Q52: =IF(Q47<800001,0,IF(Q47>1200000,40000,((Q47-800000)*10%))) -> 0
C53: 12,00,001-16,00,000 | F53: 0.15 | H53: 12,00,001-16,00,000 | K53: 0.15 | L53: 12,00,001-16,00,000 | O53: 0.15 | P53: #- | Q53: =IF(Q47<1200001,0,IF(Q47>1600000,60000,((Q47-1200000)*15%))) -> 0
C54: 16,00,001-20,00,000 | F54: 0.2 | H54: 16,00,001-20,00,000 | K54: 0.2 | L54: 16,00,001-20,00,000 | O54: 0.2 | P54: #- | Q54: =IF(Q47<1600001,0,IF(Q47>2000000,80000,((Q47-1600000)*20%))) -> 0
C55: 20,00,001-24,00,000 | F55: 0.25 | H55: 20,00,001-24,00,000 | K55: 0.25 | L55: 20,00,001-24,00,000 | O55: 0.25 | P55: #- | Q55: =IF(Q47<2000001,0,IF(Q47>2400000,100000,((Q47-2000000)*25%))) -> 0
C56: 24,00,001 से अधिक | F56: 0.3 | H56: 24,00,001 से अधिक | K56: 0.3 | L56: 24,00,001 से अधिक | O56: 0.3 | P56: #- | Q56: =IF(Q47<2400001,0,(Q47-2400000)*30%) -> 0
C57: ¼1½ ;ksx vk;dj | P57: #- | Q57: =SUM(Q50:Q56) -> 16141
C58: ¼2½ NwV ?kkjk 87¼A½ ij vk;dj dh NwV vf/kdre :- 60000 rd½ ;k NwV /kkjk 115BAC(1) ds rgr (Marginal Relief benefit under section 115BAC(1) | P58: #- | Q58: =IF(Q47<1200001,Q57,IF(Q47>1270584,0,Q57-(Q47-1200000))) -> 16141
C59: ¼3½ 'ks"k vk;dj ¼1&2½ | P59: #- | Q59: =Q57-Q58 -> 0
C60: ¼4½ f'k{kk midj 2% ,oa mPp f'k{kk ds fy, vf/kHkkj 2% (;ksx 4%) | P60: #- | Q60: =ROUND(Q59*0.04,0) -> 0
C61: dqy vk;dj ¼3$4½ | P61: #- | Q61: =SUM(Q59:Q60) -> 0
B62: 17 | C62: ?kVkb;s %& jkgr /kkjk 89 ds rgr | P62: #- | Q62: ='Other Deduction'!E17 -> 0
B63: 18 | C63: dqy 'ks"k vk;dj | P63: #- | Q63: =Q61-Q62 -> 0
B64: 19 | C64: vk;dj dVkSrh dk fooj.k | F64: flrEcj 2025 rd :i;s | J64: fnlEcj 2025 rd :i;s | L64: tuojh 2026 rd :i;s | M64: Qjojh 2026 rd :i;s | O64: Vh-Mh-,l- :Ik;s | P64: ;ksx dkWye 19
F65: ='Salary Sheet'!Q11+'Salary Sheet'!Q12+'Salary Sheet'!Q13+'Salary Sheet'!Q14+'Salary Sheet'!Q15+'Salary Sheet'!Q16+'Salary Sheet'!Q17 -> 7000 | J65: ='Salary Sheet'!Q18+'Salary Sheet'!Q19+'Salary Sheet'!Q20 -> 3000 | L65: ='Salary Sheet'!Q21 -> 1000 | M65: ='Salary Sheet'!Q22 -> 1000 | O65: ='Salary Sheet'!Q23+'Salary Sheet'!Q24+'Salary Sheet'!Q25+'Salary Sheet'!Q26+'Salary Sheet'!Q27+'Salary Sheet'!Q28+'Salary Sheet'!Q29+'Other Deduction'!E18 -> 0 | P65: =F65+J65+L65+M65 -> 12000
B66: =IF(Q63>P65,"Income Tax Payable",IF(Q63<P65,"Income Tax Refundable","Income Tax Payble/Refundable")) -> Income Tax Refundable | P66: #- | Q66: =IF(Q63>P65,Q63-P65,P65-Q63) -> 12000
E68: gLrk{kj dkfeZd

Sheet Form 16 New Regime
A1: FORM NO.16
A2: [See rule 31 (1) (a)]
A3: Part A
A4: Certificate under section 203 of the Income Tax Act, 1961 for tax deducted
A5: at source from income chargeable under the head “ Salaries “
A6: Name and address of the Employer | G6: Name and Designation of the employee
A7: Anil Kumar Sharma | G7: Parmanand Meghwal
A8: Block Education Officer | G8: Teachers
A9: Address | G9: Address
A11: PAN of the Deducter | D11: TAN of the Deducter | G11: PAN of the Employee
G12: ='Salary Sheet'!M4 -> XXXXXX
A13: TDS Circle where annual | G13: PERIOD | J13: Assessment Year
A14: return / statement under | G14: FROM | I14: TO | J14: 2026-27
A15: section 206 is to be filed | G15: 01.04.2025 | I15: 31.03.2026
A16: Smmary of amount Paid/credited and tax Deducted at source thereon in respect of the Employee
A17: Quarter(s) | C17: Receipt Numbersof Original Quaterly Statements of TDS Under Sub-Section (3) of Section 200 | F17: Amount Paid cridited | H17: Amount of Tax Deducted (Rs) | K17: Amount of Tax Deposited / Remitted (Rs)
A18: Quarter 1
A19: Quarter 2
A20: Quarter 3
A21: Quarter 4
A22: Total
A23: I.DETAILS TAX DEDUCTED AND DEPOSITED INTO CENTRAL GOVERNMENT ACCOUNT THROUGH BOOK ADJUSTMENT
A24: S.No | B24: Tax Deposited In Respect | E24: Book Identification Number (BIN)
B25: of the deducter | E25: Receipt Numbers of | G25: DDO Serial No in | I25: Date Of Transfer | K25: Status of Maching
C26: (Rs) | E26: Form No.24G | G26: Form No.24G | I26: Form No.24G | K26: with Form.No 24G
I27: (dd/mm/yyyy)
A28: 1
A29: 2
A30: 3
A31: 4
A32: 5
A33: 6
A34: 7
A35: 8
A36: 9
A37: 10
A38: 11
A39: 12
A40: 13
A41: Total (Rs)
A43: II.DETAILS TAX DEDUCTED AND DEPOSITED INTO CENTRAL GOVERNMENT ACCOUNT THROUGH BOOK CHALLANA
A44: S.No | B44: Tax Deposited In Respect | E44: Book Identification Number (CIN)
B45: of the deducter | E45: BRS Code of the | G45: Date on Which | I45: Challana Serial | K45: Status of Maching
C46: (Rs) | E46: Bank Branch | G46: Tax Deposited | I46: Number | K46: with Form.No 24G
G47: (dd/mm/yyyy)
A48: 1
A49: 2
A50: 3
A51: 4
A52: 5
A53: 6
A54: 7
A55: 8
A56: 9
A57: 10
A58: 11
A59: 12
A60: 13
A61: Total (Rs) | B61: =SUM(B48:D59) -> 0
A62: Verification
A63: I, | B63: =A7 -> Anil Kumar Sharma | E63: Son/Doughter of | J63: Working In the Capacity Of
A64: =A8 -> Block Education Officer | D64: (Designation) do hereby certify that a sum of Rs. | I64: =H22 -> 0 | J64: (in words)
F65: has beeen deducted at source and paid to the credit of the Central Government.
A66: I further certify that the information given above is true and correct based on the book of accounts, documents and TDS Statements, TDS Deposited and other available records.
A68: Notes :
A69: 1. Government deductors to fill information in item I if tax is paid without production of an income-tax challan and in item II if tax .
A70: is paid accompanied by an income-tax challan
A71: 2. Non-Government deductors to fill information in item II.
A72: 3. The deductor shall furnish the address of the Commissioner of Income-tax (TDS) having jurisdiction as regards TDS
A73: statements of the assessee.
A74: 4. If an assessee is employed under one employer only during the year, certificate in Form No. 16 issued for the quarter ending on
A75: 31st March of the financial year shall contain the details of tax deducted and deposited for all the quarters of the financial year.
A76: 5. If an assessee is employed under more than one employer during the year, each of the employers shall issue Part
A77: A of the certificate in Form No. 16 pertaining to the period for which such assessee was employed with each of the employers.
A78: Part B (Annexure) of the certificate in Form No.16 may be issued by each of the employers or the last employer at the
... A84: 1. Gross Salary *
B85: ( a ) Salary as per provisions contained in section 17 (1) | I85: ='Tax New Regime'!Q4 -> 851304
B86: ( b ) Value of perquisites under section 17 (2)
B87: (as per Form No. 12 BA, wherever applicable)
B88: ( c ) Profits in lieu of Salary under section 17 (3)
B89: (as per Form No. 12 BA, wherever applicable)
B90: ( d ) Total | J90: =I85+I86+I87+I88+I89 -> 851304
A92: 2. Less : Allowance to the extent exempt under section 10
A93: a)HRA | I93: ='Tax Old Regime'!Q5 -> 9048
A94: b)Other
A95: 3. Balance (1-2) | J95: =J90-I93-I94 -> 842256
A97: 4. Deductions :
B98: (a) Standard deduction | F98: Rs. | G98: 75000
B99: (b) Entertainment allowance | F99: Rs. | G99: 0
B100: (c) Tax on Employment | F100: Rs. | G100: 0
A101: 5. Aggregate of 4 (a to c) | I101: 75000
A103: 6. Income chargeable under the Head ‘Salaries’(3-5) | L103: =IF(AND((J95>50000)),(J95-I101),0) -> 767256
A105: 7. Add. : Any other income reported by the employee
B106: Less:- Loss From House Properties | L106: ='[1]Other Deduction'!B9 -> 0
A108: 8. Gross total income (6+7) | L108: =L103+L105-L106 -> 767256
G109: Gross Amount | I109: Qualifying Amt. | K109: Deductible Amt.
A110: 9. Deductions Under Chapter VIA
A111: A. | B111: Sections 80C,80CC and 80CCD1
A112: (a) | B112: Section 80C
B113: (i) | C113: GPF/NPS | F113: Rs.
...
